 Dungeon Crawl Stone Soup version 0.30.0-10-gfe55d96785 (webtiles) character file.

Game seed: 16750376931869493091

32235 gelatine the Arsonist (level 13, -15/100 HPs)
             Began as a Demonspawn Fire Elementalist on May 14, 2023.
             Was an Initiate of Gozag.
             Killed from afar by a shock serpent (24 damage)
             ... with a bolt of electricity
             ... on level 1 of the Snake Pit.
             The game lasted 01:14:54 (21748 turns).

gelatine the Arsonist (DsFE)                       Turns: 21748, Time: 01:14:55

Health: -15/100    AC: 17    Str: 11    XL:     13   Next: 30%
Magic:  10/24      EV: 20    Int: 20    God:    Gozag
Gold:   3389       SH: 15    Dex: 16    Spells: 7/27 levels left

rFire   . . .        R - +9 spear "Buamiwkoerph" {freeze, Will+}
rCold   . . .        W - +0 buckler
rNeg    . . .        E - +2 robe "Kujiaq Xona" {Dex+3}
rPois   .            y - +2 helmet
rElec   .            S - +2 cloak {Stlth+}
rCorr   .            (no gloves)
SInv    .            Z - +0 pair of boots
Will    +....        X - amulet of reflection
Stlth   ++++         U - +4 ring of protection
HPRegen 0.36/turn    v - +5 ring of evasion
MPRegen 0.19/turn

%: reflection
@: lethally poisoned (-15 -> -19), very slightly contaminated
A: rugged brown scales 2, powered by death 2, condensation shield, demonic touch
1
a: Renounce Religion, Potion Petition, Call Merchant, Bribe Branch


You were on level 1 of the Snake Pit.
You worshipped Gozag.
Gozag was most pleased with you.
You visited 3 branches of the dungeon, and saw 17 of its levels.
You also visited: Bailey.

You collected 4091 gold pieces.
You spent 390 gold pieces at shops.
You paid 312 gold pieces to Gozag.

Inventory:

Hand Weapons
 F - the +9 mace of Forgiveness {heavy, rF+++}
   (You found it on level 5 of the Dungeon)

   rF:        It renders you almost immune to fire.
 R - the +9 spear "Buamiwkoerph" (weapon) {freeze, Will+}
   (You found it in a bailey)

   Will:      It increases your willpower.
 T - the +6 hand axe of Debt {spect, rF+ rC+}
   (You found it on level 4 of the Lair of Beasts)

   rF:        It protects you from fire.
   rC:        It protects you from cold.
Missiles
 D - 5 throwing nets
Armour
 e - a +1 ring mail of cold resistance
 y - a +2 helmet (worn)
 E - the +2 robe "Kujiaq Xona" (worn) {Dex+3}
   (You found it on level 4 of the Dungeon)

   Dex:       It affects your dexterity (+3).
 I - a +2 robe of willpower
 O - +0 shadow dragon scales
 P - the +3 scale mail "Reph" {Str+3 SInv}
   (You took it off an orc on level 7 of the Dungeon)

   Str:       It affects your strength (+3).
   SInv:      It lets you see invisible.
 S - a +2 cloak of stealth (worn)
 W - a +0 buckler (worn)
 Z - a +0 pair of boots (worn)
Magical Staves
 M - a staff of cold
Jewellery
 a - a ring of flight
 c - a ring of magical power
 j - a ring of poison resistance
 l - an amulet of regeneration
 p - a ring of willpower
 r - a ring of positive energy
 v - a +5 ring of evasion (right hand)
 U - a +4 ring of protection (left hand)
 X - an amulet of reflection (around neck)
 Y - an amulet of guardian spirit
Wands
 f - a wand of flame (10)
 h - a wand of charming (28)
 K - a wand of quicksilver (4)
 L - a wand of iceblast (21)
Scrolls
 g - a scroll of vulnerability
 n - 2 scrolls of magic mapping
 o - 3 scrolls of enchant weapon
 q - a scroll of fog
 s - 2 scrolls of amnesia
 u - 6 scrolls of teleportation
 x - a scroll of poison
 G - a scroll of torment
 J - 3 scrolls of blinking
 Q - 3 scrolls of immolation
Potions
 b - a potion of magic
 d - a potion of heal wounds
 k - 4 potions of invisibility
 m - a potion of haste
 t - a potion of might
 w - a potion of curing
 z - 2 potions of lignification {unknown}
 A - 2 potions of cancellation
 B - a potion of attraction
 C - 2 potions of brilliance
 H - a potion of flight
 N - a potion of berserk rage
 V - 3 potions of resistance {unknown}
Miscellaneous
 i - a condenser vane (inert)


   Skills:
 * Level 7.0 Fighting
 + Level 1.2 Short Blades
 + Level 1.0(3.6) Axes
 + Level 3.6(3.7) Maces & Flails
 + Level 4.1(4.2) Polearms
 + Level 1.2 Armour
 * Level 6.6 Dodging
 + Level 5.1 Stealth
 * Level 6.6 Shields
 + Level 7.8 Spellcasting
 * Level 7.8 Conjurations
 + Level 3.7 Hexes
 + Level 3.5 Translocations
 * Level 10.2 Fire Magic
 + Level 2.0 Air Magic
 + Level 3.4 Poison Magic
 + Level 4.1 Evocations


You had 7 spell levels left.
You knew the following spells:

 Your Spells              Type           Power      Damage    Failure   Level
a - Foxfire               Conj/Fire      100%       2x1d9     1%          1
b - Scorch                Fire           98%        2d9       1%          2
c - Inner Flame           Hex/Fire       36%        N/A       1%          3
d - Volatile Blastmotes   Fire/Tloc      70%        2d15      1%          3
e - Flame Wave            Conj/Fire      44%        2d11      2%          4
f - Cigotuvi's Dreadful   Necr/Pois/Air  30%        N/A       9%          2
g - Fireball              Conj/Fire      22%        3d10      8%          5

Your spell library contained the following spells:

 Spells                   Type           Power      Damage    Failure   Level
 Ignite Poison            Fire/Tmut/Pois 26%        N/A       5%          3
 Ozocubu's Armour         Ice            7%         N/A       34%         3
 Starburst                Conj/Fire      22%        6d7       38%         6
 Freezing Cloud           Conj/Ice/Air   10%        6-21      63%         5
 Plasma Beam              Fire/Air       16%        2x1d30    80%         6
 Ozocubu's Refrigeration  Ice            3%         4d8       100%        7
 Polar Vortex             Ice            3%         N/A       100%        9
 Simulacrum               Ice/Necr       Unusable   N/A       N/A         6

Dungeon Overview and Level Annotations

Branches:
Dungeon (11/15)            Temple (0/1) D:6            Lair (5/5) D:8
 Shoals (0/4) Lair:3        Snake (1/4) Lair:2        Slime (0/5) Lair:5
 Bailey (visited)
    Orc: D:9-12

Altars:
Ashenzari
Cheibriados
Gozag
Makhleb
Nemelex Xobeh
Qazlal
Sif Muna
Trog
Uskayaw
Wu Jian
Yredelemnul

Shops:
D:3 *   D:6 *

Portals:
Abyss: Lair:1

Annotations:
Lair:1 2 transporters, Kuidesed's ghost, journeyman DrCj


Innate Abilities, Weirdness & Mutations

You are mostly covered in rugged brown scales. (AC +2, +5% HP)
You regenerate health from kills.
A meltable shield of frost defends you. (SH +4)
Your touch may inflict minor irresistible damage on your foes.


Message History

The naga mage is moderately wounded.
The flame wave engulfs the black mamba!!
The black mamba is severely wounded.
The flame wave engulfs the shock serpent!
The shock serpent is almost dead.
The shock serpent's electric aura discharges, shocking you!
You feel very sick. You block the black mamba's attack.
The shock serpent barely misses you. The naga mage spits poison at you.
You block splash of poison... and reflect it back!
The splash of poison hits the naga mage.
The black mamba bites you. The shock serpent bites you.
* * * LOW HITPOINT WARNING * * *
The shock serpent shocks you!
* * * LOW HITPOINT WARNING * * *
You block the naga mage's attack. x2
You feel better.
The black mamba bites you but does no damage.
The shock serpent bites you.
* * * LOW HITPOINT WARNING * * *
The shock serpent shocks you!
* * * LOW HITPOINT WARNING * * *
The naga mage gestures at the black mamba while chanting.
The black mamba seems to grow toxic.
You block the black mamba's attack. Clouds of flame condense around you!
The condenser dries out!
The shock serpent bites you but does no damage.
The naga mage hits you but does no damage.
You block the naga mage's attack.
The black mamba is engulfed in blazing flames.
The black mamba bites you.
* * * LOW HITPOINT WARNING * * *
The naga spits poison at you.
The splash of poison hits you but does no damage.
You are poisoned.
A salamander comes into view. It is wielding a +0 trident.
The naga is engulfed in blazing flames.
The shock serpent shoots out a bolt of lightning at you!
The bolt of electricity hits you!!
You die...
Your body crumbles into a pile of gold.

#.........#
#.........#
#.........#
#.........#
#....§§.$.#
...N.§.####
#NSS.....N
#@.N§....
#!.§.§...
#....§...
....N#...
#..#....#
#.....#.#
#.#. .. #
#.##....


You could see a salamander, a shock serpent, a black mamba (curare), a naga mage
(fast) and 3 nagas.

Vanquished Creatures
  Harold (Lair:2)
  2 hydras
  2 two-headed ogres
  A naga sharpshooter (Snake:1)
  A death yak (Lair:4)
  A skyshark (Lair:3)
  An orc knight (Bailey)
  Pikel (D:5)
  An ugly thing (D:7)
  A manticore (D:11)
  A cyclops (D:11)
  Maurice (D:11)
  4 cane toads
  6 black mambas
  4 elephants
  2 kobold demonologists (D:11)
  2 rime drakes (Lair:2)
  7 komodo dragons
  4 trolls
  A polar bear (Lair:1)
  22 blink frogs
  4 dream sheep (Lair:4)
  A snapping turtle (Lair:3)
  A shadow (D:10)
  20 yaks
  3 wyverns
  5 basilisks
  2 steam dragons (D:8)
  An acid dragon (D:11)
  13 water moccasins
  A floating eye (Lair:5)
  15 orc warriors
  An ice beast (D:5)
  5 black bears
  An ogre (D:6)
  3 centaurs
  A phantom (D:5)
  2 lemures (D:5)
  3 kobold brigands
  18 bullfrogs
  A gnoll sergeant (D:10)
  2 scorpions
  8 wights
  An electric eel (Lair:2)
  3 howler monkeys
  6 hounds
  8 orc priests
  A gnoll bouda (D:7)
  3 sleepcaps
  7 iguanas
  12 orc wizards
  8 hell rats (Lair:3)
  Robin (D:4)
  10 gnolls
  13 river rats (Lair:3)
  11 adders
  2 shadow imps
  3 white imps
  6 worms
  A dart slug (D:2)
  60 orcs
  7 endoplasms
  2 giant cockroaches
  22 goblins
  19 hobgoblins
  2 jackals (D:2)
  8 quokkas
  7 ball pythons
  7 bats
  3 frilled lizards
  15 kobolds
  10 rats
  A spectral orc (D:6)
436 creatures vanquished.

Vanquished Creatures (collateral kills)
  15 foxfires
15 creatures vanquished.

Vanquished Creatures (others)
  A kobold (D:11)
  1742 foxfires
1743 creatures vanquished.

Grand Total: 2194 creatures vanquished

Notes
Turn   | Place    | Note
-------+----------+-------------------------------------------
     0 | D:1      | gelatine the Demonspawn Fire Elementalist began the quest
                  | for the Orb.
     0 | D:1      | Reached XP level 1. HP: 13/13 MP: 3/3
   362 | D:1      | Found Nituss's Distillery.
   406 | D:1      | Reached skill level 3 in Fire Magic
   416 | D:1      | Gained mutation: Your touch may inflict minor irresistible
                  | damage on your foes. [demonic ancestry]
   416 | D:1      | Reached XP level 2. HP: 19/19 MP: 5/5
  1197 | D:2      | Gained mutation: You regenerate a little health from kills.
                  | [demonic ancestry]
  1197 | D:2      | Reached XP level 3. HP: 22/24 MP: 6/6
  1651 | D:2      | Learned a level 2 spell: Scorch
  1742 | D:2      | Found a burning altar of Makhleb.
  1764 | D:2      | Gained mutation: You are partially covered in rugged brown
                  | scales. (AC +1, +3% HP) [demonic ancestry]
  1764 | D:2      | Reached XP level 4. HP: 24/30 MP: 7/7
  1870 | D:2      | Found a faded altar of an unknown god.
  1926 | D:2      | Prayed at the altar of an unknown god.
  1926 | D:2      | Became a worshipper of Gozag Ym Sagoz the Greedy
  2448 | D:3      | Found Piexof's General Store.
  2880 | D:3      | Gained mutation: A meltable shield of frost defends you.
                  | (SH +4) [demonic ancestry]
  2880 | D:3      | Reached XP level 5. HP: 36/36 MP: 9/9
  3463 | D:4      | Noticed Robin
  3475 | D:4      | Killed Robin
  3706 | D:4      | Reached XP level 6. HP: 34/43 MP: 10/10
  3708 | D:4      | Identified the +2 robe "Kujiaq Xona" {Dex+3}
  3966 | D:4      | Reached skill level 1 in Fighting
  4302 | D:4      | Found an ornate altar of the Wu Jian Council.
  4355 | D:4      | Learned a level 3 spell: Inner Flame
  4359 | D:4      | Learned a level 3 spell: Volatile Blastmotes
  4360 | D:5      | Entered Level 5 of the Dungeon
  4539 | D:5      | Reached skill level 1 in Armour
  4539 | D:5      | Reached skill level 4 in Fire Magic
  4618 | D:5      | Reached skill level 1 in Short Blades
  4854 | D:5      | Gained mutation: You are mostly covered in rugged brown
                  | scales. (AC +2, +5% HP) [demonic ancestry]
  4854 | D:5      | Reached XP level 7. HP: 44/50 MP: 13/13
  4964 | D:5      | Identified the +9 mace of Forgiveness {heavy, rF+++}
  5019 | D:5      | Noticed Pikel
  5030 | D:5      | Killed Pikel
  5031 | D:5      | Reached skill level 1 in Maces & Flails
  5031 | D:5      | Reached skill level 1 in Shields
  5031 | D:5      | Reached skill level 1 in Hexes
  5031 | D:5      | Reached skill level 1 in Translocations
  5031 | D:5      | Reached skill level 1 in Evocations
  5031 | D:5      | Reached XP level 8. HP: 52/58 MP: 2/14
  5702 | D:6      | Found Tokhlet's Tempting Trifles.
  5710 | D:6      | Bought a Trismegistus Codex for 390 gold pieces
  5715 | D:6      | Learned a level 4 spell: Flame Wave
  5871 | D:6      | Reached skill level 5 in Fire Magic
  5958 | D:6      | Found a basalt altar of Yredelemnul.
  6179 | D:6      | Found a staircase to the Ecumenical Temple.
  7027 | D:7      | Identified the +3 scale mail "Reph" {Str+3 SInv}
  7029 | D:7      | Noticed a brown ugly thing
  7053 | D:7      | Killed a cyan ugly thing
  7054 | D:7      | Reached skill level 5 in Spellcasting
  7054 | D:7      | Reached XP level 9. HP: 59/66 MP: 5/16
  7507 | D:7      | Found a stormy altar of Qazlal.
  7763 | D:7      | You fall into a shaft and drop 3 floors!
  7763 | D:10     | Entered Level 10 of the Dungeon
  7769 | D:10     | Noticed a two-headed ogre
  7787 | D:10     | Killed a two-headed ogre
  7788 | D:10     | Reached skill level 6 in Fire Magic
  8022 | D:9      | Noticed a two-headed ogre
  8028 | D:9      | Killed a two-headed ogre
  8232 | D:9      | Noticed a troll
  8235 | D:9      | Killed a troll
  8236 | D:9      | Reached XP level 10. HP: 59/73 MP: 18/18
  8578 | D:9      | Found Oqut's Antique Armour Shoppe.
  8610 | D:9      | Found a snail-covered altar of Cheibriados.
  8611 | D:9      | Found a shimmering blue altar of Sif Muna.
  8779 | D:9      | Found a bloodstained altar of Trog.
  9146 | D:8      | Found a hide-covered altar of Uskayaw.
  9179 | D:8      | Reached skill level 7 in Fire Magic
  9497 | D:8      | Found a flagged portal.
  9502 | Bailey   | Entered a bailey
 10044 | Bailey   | Reached skill level 5 in Conjurations
 10339 | Bailey   | Identified the +9 spear "Buamiwkoerph" {freeze, Will+}
 10361 | Bailey   | Noticed an orc knight
 10404 | Bailey   | Killed an orc knight
 10789 | D:8      | Found a staircase to the Lair.
 10795 | D:8      | Reached skill level 5 in Stealth
 11387 | D:7      | Reached XP level 11. HP: 72/80 MP: 20/20
 11919 | D:8      | Found a sparkling altar of Nemelex Xobeh.
 11965 | D:8      | Learned a level 2 spell: Cigotuvi's Dreadful Rot
 12449 | D:10     | Found a broken altar of Ashenzari.
 12974 | Lair:1   | Entered Level 1 of the Lair of Beasts
 13173 | Lair:1   | Reached skill level 1 in Polearms
 13173 | Lair:1   | Reached skill level 1 in Air Magic
 13211 | Lair:1   | Found a transporter.
 13211 | Lair:1   | Found a one-way gate to the infinite horrors of the Abyss.
 13211 | Lair:1   | Noticed Kuidesed's ghost (journeyman DrCj)
 13232 | Lair:1   | Noticed a thrashing horror
 13321 | Lair:1   | Reached skill level 1 in Poison Magic
 13334 | Lair:1   | Noticed an acid blob
 13338 | Lair:1   | an acid blob changed into a shadow dragon
 13338 | Lair:1   | Noticed a shadow dragon (glowing shapeshifter)
 13348 | Lair:1   | a shadow dragon changed into an iron troll
 13348 | Lair:1   | Noticed an iron troll (glowing shapeshifter)
 13353 | Lair:1   | an iron troll changed into an alligator snapping turtle
 13353 | Lair:1   | Noticed an alligator snapping turtle (glowing shapeshifter)
 13360 | Lair:1   | an alligator snapping turtle changed into a dire elephant
 13360 | Lair:1   | Noticed a dire elephant (glowing shapeshifter)
 13371 | Lair:1   | a dire elephant changed into a fire giant
 13371 | Lair:1   | Noticed a fire giant (glowing shapeshifter)
 13372 | Lair:1   | a fire giant changed into an iron troll
 13372 | Lair:1   | Noticed an iron troll (glowing shapeshifter)
 13376 | Lair:1   | an iron troll changed into a fenstrider witch
 13376 | Lair:1   | Noticed a fenstrider witch (glowing shapeshifter)
 13377 | Lair:1   | a fenstrider witch changed into an eleionoma
 13377 | Lair:1   | Noticed an eleionoma (glowing shapeshifter)
 13670 | Lair:1   | Reached skill level 8 in Fire Magic
 13755 | Lair:1   | Found a transporter.
 13844 | Lair:1   | Noticed a harpy
 13847 | Lair:1   | a harpy changed into a hog
 14160 | Lair:2   | Noticed Harold
 14189 | Lair:2   | Killed Harold
 14190 | Lair:2   | Reached skill level 5 in Dodging
 14733 | Lair:2   | Reached skill level 5 in Fighting
 15042 | Lair:2   | Found a staircase to the Snake Pit.
 15790 | Lair:2   | Gained mutation: You regenerate health from kills. [demonic
                  | ancestry]
 15790 | Lair:2   | Reached XP level 12. HP: 68/90 MP: 10/22
 16045 | Lair:3   | Reached skill level 5 in Shields
 16506 | Lair:3   | Found a staircase to the Shoals.
 17406 | Lair:3   | Reached skill level 9 in Fire Magic
 17546 | Lair:3   | Noticed a seven-headed hydra
 17707 | Lair:3   | Killed a seven-headed hydra
 18317 | Lair:4   | Identified the +6 hand axe of Debt {spect, rF+ rC+}
 18325 | Lair:4   | Learned a level 5 spell: Fireball
 19659 | Lair:5   | Entered Level 5 of the Lair of Beasts
 19670 | Lair:5   | Noticed a death yak
 19672 | Lair:5   | Reached XP level 13. HP: 49/99 MP: 13/24
 19683 | Lair:5   | Found a staircase to the Slime Pits.
 19685 | Lair:5   | Paralysed by a floating eye for 3 turns
 19691 | Lair:5   | HP: 2/99 [disintegration (34)]
 19733 | Lair:4   | Reached skill level 10 in Fire Magic
 20119 | D:11     | Noticed Maurice
 20418 | D:11     | Killed Maurice
 20627 | D:11     | Reached skill level 1 in Axes
 21606 | Snake:1  | Entered Level 1 of the Snake Pit
 21748 | Snake:1  | Killed from afar by a shock serpent

Illustrated notes

Levels and vault maps discovered:
D:1:      psy_arrival_dodecagon, layout_basic, serial_curves, eino_curves_01,
          eino_curves_03, eino_curves_01, eino_curves_04, serial_shops, shop,
          dreamdust_mushroom_princess
D:2:      layout_loops_ring, basic_altar, ebering_ecumenical_altar_box,
          grunt_ministairs_12, minmay_circle_x
D:3:      layout_basic, serial_shops, nicolae_shop_real_fake_doors
D:4:      layout_rooms, nicolae_wu_jian_glorious_leap, uniq_robin
D:5:      layout_basic, uniq_pikel
D:6:      layout_basic, yredelemnul_forgotten_temple_becter,
          minmay_temple_entry_wispy, nicolae_alphabet_shops
D:7:      layout_loops_corners, grunt_qazlal_sundering
D:8:      layout_rooms, mainiacjoe_overflow_concentric_impassable,
          mainiacjoe_overflow_chevrons, nemelex_diamond_rough_becter,
          due_lair_maze_entry_diamond, enter_bailey_3
D:9:      layout_roguey, mainiacjoe_overflow_surrounded_room,
          grunt_temple_overflow_open, serial_shops, nicolae_shop_tiny_glass,
          nicolae_eternal_life
D:10:     layout_roguey, cheibrodos_ashenzari_chains
D:11:     layout_rooms, uniq_maurice
Lair:1:   layout_chaotic_city, gammafunk_ghost_abyssal_escape,
          cheibrodos_lair_reptile_den
Lair:2:   layout_gridlike, minmay_snake_entry_six_corridors, grunt_megastairs_4,
          uniq_harold
Lair:3:   lemuel_ratsnest, layout_misc_corridors, minmay_shoals_entry_hut
Lair:4:   layout_long_grid
Lair:5:   gammafunk_lair_ancient_temple, layout_regular_city,
          minmay_slime_entry_eyes, evilmike_ambush [evilmike_ambush_outer_basic,
          evilmike_ambush_inner_pond], serial_bayou_shore_a, uniq_snorg
Snake:1:  layout_rooms, drop_trap

Skill      XL: |  1  2  3  4  5  6  7  8  9 10 11 12 13 |
---------------+----------------------------------------+-----
Fire Magic     | 3 4 5 6 7 8 9 10 | 10.2
Dodging        | 2 3 4 5 6 |  6.6
Stealth        | 2 3 4 5 |  5.1
Conjurations   | 2 3 4 5 6 7 |  7.8
Spellcasting   | 3 4 5 6 7 |  7.8
Fighting       | 1 2 3 4 5 6 7 |  7.0
Armour         | 1 |  1.2
Short Blades   | 1 |  1.2
Maces & Flails | 1 2 3 |  3.6
Shields        | 1 2 3 4 6 |  6.6
Hexes          | 1 2 3 |  3.7
Translocations | 1 2 3 |  3.5
Evocations     | 1 2 3 4 |  4.1
Polearms       | 2 3 4 |  4.1
Air Magic      | 2 |  2.0
Poison Magic   | 3 |  3.4
Axes           | 1 |  1.0

Action                     |  1- 3 |  4- 6 |  7- 9 | 10-12 | 13-15 || total
---------------------------+-------+-------+-------+-------+-------++-------
  Melee: Dagger            |     3 |    35 |     1 |       |       ||    39
         Touch             |     1 |     6 |     4 |    14 |       ||    25
         Mace              |       |       |    19 |    29 |       ||    48
         Spear             |       |       |       |   264 |    54 ||   318
         Punch             |       |       |       |     2 |       ||     2
         Hand axe          |       |       |       |    39 |     4 ||    43
   Cast: Foxfire           |   108 |   191 |   106 |   552 |    60 ||  1017
         Scorch            |     3 |    20 |    29 |    62 |    13 ||   127
         Inner Flame       |       |       |     9 |    11 |       ||    20
         Volatile Blastmot |       |       |    29 |    19 |       ||    48
         Flame Wave        |       |       |     3 |    23 |     7 ||    33
         Cigotuvi's Dreadf |       |       |       |     2 |       ||     2
         Fireball          |       |       |       |     4 |    19 ||    23
 Invoke: Potion Petition   |       |       |       |       |     1 ||     1
  Evoke: Wand              |       |       |     2 |       |     4 ||     6
         Condenser vane    |       |       |       |       |     1 ||     1
    Use: Scroll            |       |       |       |    27 |     6 ||    33
         Potion            |       |       |       |     1 |     8 ||     9
   Stab: Distracted        |       |       |       |     1 |       ||     1
 Armour: Robe              |     5 |    14 |    13 |    93 |    27 ||   152
  Dodge: Dodged            |     8 |    66 |    55 |   354 |    57 ||   540
  Block: Other             |       |     3 |     6 |    18 |       ||    27
         Buckler           |       |       |       |   130 |    71 ||   201
         Reflection        |       |       |       |       |     6 ||     6
